 Dungeon Crawl Stone Soup version 0.28.0 (webtiles) character file.

Game seed: 2691361203301976974

364 HallandMoats the Sneak (level 6, -4/43 HPs)
             Began as an Octopode Monk on Feb 7, 2022.
             Was a Priest of Dithmenos.
             Killed from afar by Natasha (5 damage)
             ... with a magic dart
             ... on level 3 of the Dungeon.
             The game lasted 00:02:26 (2465 turns).

HallandMoats the Sneak (Octopode Monk)              Turns: 2465, Time: 00:02:26

Health: -4/43      AC:  1    Str: 18    XL:     6   Next: 67%
Magic:  17/17      EV: 14    Int: 12    God:    Dithmenos [***...]
Gold:   159        SH:  0    Dex: 15    Spells: 5/5 levels left

rFire   . . .      SeeInvis .     - Unarmed
rCold   . . .      Faith    .   (no shield)
rNeg    . . .      Spirit   .   (helmet restricted)
rPois   .          Reflect  .   i - amulet of the acrobat
rElec   .          Harm     .   e - +6 ring of strength
rCorr   .          Rampage  .   f - ring of magical power
Will    .....                   (no ring)
Stlth   +++++.....              (no ring)
HPRegen 0.14/turn               (no ring)
MPRegen 0.15/turn               (no ring)
                                (no ring)
                                (no ring)

@: brilliant, wreathed by umbra
A: almost no armour, amphibious, 8 rings, camouflage 1, gelatinous body 1,
(nimble swimmer 1), tentacles
a: Renounce Religion, Shadow Step


You were on level 3 of the Dungeon.
You worshipped Dithmenos.
Dithmenos was most pleased with you.
You visited 1 branch of the dungeon, and saw 3 of its levels.

You collected 159 gold pieces.

Inventory:

Jewellery
 e - a +6 ring of strength (left tentacle)
 f - a ring of magical power (right tentacle)
 i - an amulet of the acrobat (around mantle)
Scrolls
 a - 4 scrolls of identify {unknown}
 b - 2 scrolls of magic mapping {unknown}
 g - a scroll of enchant armour {unknown}
 j - a scroll of amnesia {unknown}
Potions
 c - a potion of brilliance
 d - a potion of might {unknown}
 h - a potion of degeneration {unknown}


   Skills:
 + Level 4.1 Fighting
 + Level 4.2 Dodging
 * Level 5.2 Stealth
 + Level 4.1 Unarmed Combat
 + Level 2.8 Invocations


You had 5 spell levels left.
You didn't know any spells.
Your spell library was empty.

Dungeon Overview and Level Annotations

Branches:
Dungeon (3/15)

Altars:
Dithmenos
Sif Muna

Annotations:
D:3 1 runed translucent door, Natasha; ragingrage's ghost, amateur MiBe


Innate Abilities, Weirdness & Mutations

You cannot wear most types of armour.
You are amphibious.
You can wear up to eight rings at the same time.
Your skin changes colour to match your surroundings (Stealth+).
Your rubbery body absorbs attacks. (AC +1, EV +1)
((You are camouflaged when in or above water. (Stealth+)))
You have tentacles for arms and can constrict up to eight enemies at once.


Message History

The ice beast is almost dead.
The ice beast closely misses you.
You barely miss the ice beast. Your squeeze misses the ice beast.
The ice beast is almost dead.
The ice beast hits you.
* * * LOW HITPOINT WARNING * * *
The ice beast freezes you.
* * * LOW HITPOINT WARNING * * *
You tentacle-slap the ice beast but do no damage.
Your squeeze misses the ice beast.
The ice beast is almost dead.
The ice beast misses you.
You tentacle-slap the ice beast.
The ice beast is almost dead.
The ice beast misses you.
You tentacle-slap the ice beast but do no damage.
You squeeze the ice beast.
You kill the ice beast!
Dithmenos accepts your kill.
Your Fighting skill increases to level 4!
Your Stealth skill increases to level 5!
You swing at nothing.
You swing at nothing.
You start resting.
Natasha is nearby!
Natasha is nearby!
Natasha is nearby!
Natasha hisses angrily.
Natasha growls.
Natasha casts a spell at you. The magic dart hits you!
* * * LOW HITPOINT WARNING * * *
Natasha casts a spell at you. You resist with some effort.
Okay, then.
It was a potion of brilliance.
You feel clever all of a sudden. Natasha casts a spell at you.
The magic dart hits you.
You die...

##.. ###... ##### #....#
########## #...# #...##
#........# ###.#.####...#⌠
######......[.# #............##
....##........# #.............#
....##........#####..............
....##..........@.....h.##.####..
..............####.##...##.## ##.
....##.........###.....###..#####
..<.#######......................
....# ######.....#..............
##### #........#.............h..
..### ##........###.......)......
....###.....÷...##.........<.....
....##....).....#..#....).......)


You could see Natasha.

Vanquished Creatures
  Sigmund (D:2)
  An ice beast (D:3)
  Natasha (D:3)
  2 adders (D:3)
  A worm (D:3)
  4 dart slugs
  An orc (D:3)
  8 endoplasms
  4 giant cockroaches
  5 goblins
  3 hobgoblins
  3 kobolds
  2 quokkas (D:1)
  6 ball pythons
  7 bats
  5 frilled lizards
  5 rats
59 creatures vanquished.

Vanquished Creatures (others)
  2 fungi (D:2)
  3 toadstools (D:2)
5 creatures vanquished.

Grand Total: 64 creatures vanquished

Notes
Turn   | Place    | Note
-------+----------+-------------------------------------------
     0 | D:1      | HallandMoats the Octopode Monk began the quest for the Orb.
     0 | D:1      | Reached XP level 1. HP: 16/16 MP: 1/1
   260 | D:1      | Reached XP level 2. HP: 20/21 MP: 2/2
   267 | D:1      | Reached skill level 3 in Stealth
   528 | D:1      | Found a faded altar of an unknown god.
   534 | D:1      | Reached skill level 1 in Invocations
   540 | D:1      | Reached XP level 3. HP: 26/26 MP: 3/3
   546 | D:1      | Prayed at the altar of an unknown god.
   546 | D:1      | Became a worshipper of Dithmenos the Shadowed
   546 | D:1      | Reached * piety under Dithmenos
   546 | D:1      | Reached ** piety under Dithmenos
  1207 | D:2      | Noticed Sigmund
  1221 | D:2      | Killed Sigmund
  1222 | D:2      | Reached skill level 4 in Stealth
  1222 | D:2      | Reached XP level 4. HP: 21/33 MP: 3/5
  1222 | D:2      | Reached XP level 5. HP: 24/37 MP: 3/6
  1639 | D:2      | Reached *** piety under Dithmenos
  2075 | D:3      | Reached XP level 6. HP: 43/43 MP: 7/7
  2164 | D:3      | Found a runed translucent door.
  2167 | D:3      | Noticed ragingrage's ghost (amateur MiBe)
  2238 | D:3      | Noticed Natasha
  2246 | D:3      | Killed Natasha
  2347 | D:3      | Found a shimmering blue altar of Sif Muna.
  2429 | D:3      | Noticed Natasha
  2430 | D:3      | Noticed an ice beast
  2450 | D:3      | Killed an ice beast
  2451 | D:3      | Reached skill level 5 in Stealth
  2463 | D:3      | HP: 1/43 [Natasha/magic dart (9)]
  2465 | D:3      | Killed from afar by Natasha

Illustrated notes

Levels and vault maps discovered:
D:1:      dpeg_arrival_castle, layout_basic,
          shapermc_ecumenical_altar_notcrosses, chequers_arboretum
D:2:      layout_loops_corners, minmay_gold_behind_fungi, uniq_sigmund
D:3:      layout_rooms, nicolae_sif_muna_little_library,
          hellmonk_ghost_happy_afterlife, minivault_19, uniq_natasha

Skill      XL: |  1  2  3  4  5  6 |
---------------+-------------------+-----
Stealth        | 3 4 5 |  5.2
Invocations    | 1 2 |  2.8
Dodging        | 4 |  4.2
Unarmed Combat | 4 |  4.1
Fighting       | 4 |  4.1

Action                   |  1- 3 |  4- 6 || total
-------------------------+-------+-------++-------
Melee: Unarmed           |    71 |    52 ||   123
       Tentacles         |    13 |    10 ||    23
       Constrict         |    18 |     9 ||    27
       Punch             |     2 |     4 ||     6
  Use: Potion            |       |     1 ||     1
 Stab: Sleeping          |    15 |    12 ||    27
       Distracted        |       |     1 ||     1
Armor: Skin              |     8 |     3 ||    11
Dodge: Dodged            |    39 |    28 ||    67
